Map: King Sejong Station LE

Players

Nickos - Winner!

  • Race: Terran Terran
  • League: Gold

yellowskyray

  • Race: Zerg Zerg
  • League: Gold

VOD

Have the link to the VOD?

Description

Time

  • Played on: Sept. 29, 2016, 6:15 a.m.
  • Length: 15:09
Show
View Real Time Build Order
Export as new Build Order

Nickos Terran - Winner!

Build Orders:  

Get SALT Encoding   

  12  0:01  SCV  
  13  0:13  SCV  
  14  0:18  Supply Depot  
  14  0:25  SCV  
  15  0:39  SCV  
  15  0:40  Barracks  
  16  0:51  SCV  
  17  1:03  SCV  
  18  1:16  SCV  
  19  1:22  Command Center  
  19  1:28  Marine  
  19  1:31  Orbital Command  
  20  1:44  Barracks  
  20  1:47  Marine  
  20  1:53  Supply Depot  
  21  1:58  SCV  
  22  2:05  Marine  
  23  2:15  SCV  
  24  2:18  Barracks  
  24  2:23  Marine  
  24  2:25  Refinery  
  24  2:26  Refinery  
  24  2:27  SCV  
  26  2:31  Marine  
  27  2:39  SCV  
  27  2:44  Orbital Command  
  28  2:45  Marine  
  29  2:54  Marine, SCV  
  31  3:06  SCV  
  31  3:10  Bunker  
  32  3:13  SCV  
  32  3:16  Marine x2  
  32  3:17  Barracks Tech Lab  
  32  3:18  SCV  
  36  3:25  SCV  
  37  3:30  SCV  
  37  3:35  Barracks Reactor  
  37  3:36  Supply Depot  
  37  3:37  SCV  
  37  3:40  Barracks Reactor  
  37  3:41  Factory  
  38  3:45  SCV  
  39  3:49  SCV  
  39  3:53  Supply Depot, Stimpack  
  39  3:55  Marine  
  41  4:05  Engineering Bay  
  41  4:07  Engineering Bay, Barracks  
  41  4:08  SCV  
  41  4:09  SCV  
  43  4:14  Marine  
  44  4:20  Marine x2, SCV  
  44  4:21  Marine, SCV  
  49  4:25  Factory Reactor  
  48  4:33  Starport  
  48  4:34  Supply Depot  
  48  4:37  Terran Infantry Weapons Level 1  
  48  4:44  SCV  
  48  4:45  SCV  
  50  4:47  Marine  
  50  4:48  Marine x3  
  54  4:56  Terran Infantry Armor Level 1  
  54  4:57  SCV x2  
  54  4:58  Supply Depot  
  56  5:00  Marauder  
  58  5:07  Barracks Tech Lab  
  58  5:09  SCV x2  
  60  5:16  Marine x3  
  60  5:17  Marine  
  60  5:21  Marine, SCV x2  
  66  5:22  Supply Depot  
  66  5:27  Armory  
  67  5:30  Marauder  
  67  5:33  SCV x2  
  71  5:37  Marine x4  
  75  5:44  Supply Depot  
  75  5:45  SCV  
  75  5:46  Supply Depot  
  75  5:47  SCV  
  77  5:58  Medivac  
  77  6:00  SCV  
  77  6:01  SCV  
  77  6:02  Marine x4  
  85  6:07  Supply Depot  
  85  6:10  Supply Depot  
  85  6:13  SCV  
  87  6:22  Marauder x2  
  87  6:23  Marine x2  
  87  6:25  SCV  
  93  6:40  Liberator x2  
  86  6:58  Marauder  
  86  7:00  Marauder, Marine x3  
  99  7:02  Supply Depot  
  99  7:03  Marine  
  99  7:05  Command Center  
  100  7:14  Barracks  
  100  7:15  Refinery x2, Barracks  
  100  7:16  Barracks  
  100  7:17  Barracks  
  100  7:18  Marine  
  101  7:31  Marine x3, Marauder x2  
  101  7:33  SCV x2  
  101  7:36  Marine  
  111  7:42  Supply Depot  
  111  7:44  Terran Infantry Weapons Level 2  
  111  7:45  SCV  
  111  7:47  Supply Depot  
  111  7:49  Supply Depot  
  112  7:52  Marauder  
  112  7:55  Marine x4  
  118  8:02  Marauder  
  118  8:03  Barracks Tech Lab  
  118  8:05  Barracks Tech Lab  
  121  8:06  Barracks Reactor  
  120  8:13  Marine  
  120  8:14  Barracks Reactor  
  120  8:16  Missile Turret  
  121  8:22  Missile Turret, Marine x2  
  121  8:23  Marine x2  
  121  8:26  Marauder  
  127  8:33  Planetary Fortress  
  127  8:39  SCV x2  
  129  8:42  Terran Infantry Armor Level 2  
  129  8:51  SCV  
  130  8:56  Marine x2  
  130  8:57  Marine x5  
  130  8:58  Marine x2  
  130  8:59  Marauder x2  
  143  9:09  Marine  
  143  9:14  Marine x3  
  147  9:17  Marine x4  
  147  9:18  Marauder  
  147  9:20  Marauder  
  147  9:21  Marauder  
  157  9:28  Marauder  
  157  9:30  Medivac  
  158  9:35  Marine x4  
  158  9:36  Marine  
  163  9:39  Supply Depot, Marauder  
  163  9:41  Marauder  
  163  9:42  Marauder  
  166  9:49  Marauder  
  166  9:51  SCV x2  
  166  9:52  SCV  
  171  9:53  Marine x2  
  147  10:01  Marauder  
  147  10:02  Liberator x2  
  147  10:03  Marauder  
  127  10:09  Supply Depot  
  127  10:20  Marine x3  
  127  10:21  Marine x4  
  137  10:22  Marauder, Marine  
  137  10:23  Marauder x2  
  137  10:25  SCV  
  137  10:26  SCV  
  149  10:40  Starport  
  149  10:43  Refinery, Marine x5  
  149  10:44  Marine  
  149  10:45  Refinery, Marauder  
  157  10:54  Marauder x2  
  161  11:02  Medivac x2  
  165  11:07  Command Center  
  165  11:17  Marine x4  
  165  11:18  Marine x4  
  170  11:22  Marauder  
  170  11:23  Marauder  
  177  11:26  Orbital Command  
  177  11:34  Supply Depot  
  177  11:37  Supply Depot  
  177  11:39  Marine  
  177  11:40  Marine x4  
  182  11:55  Marine x3  
  182  11:56  Marauder x2  
  182  11:57  Marauder  
  191  12:04  Marauder  
  191  12:08  SCV x2  
  195  12:09  Marine  
  195  12:15  Medivac  
  198  12:17  Terran Infantry Weapons Level 3, Marauder  
  200  12:22  Planetary Fortress  
  144  12:40  Marine  
  144  12:41  Marine x5  
  111  12:44  Marine x2  
  111  12:45  Marine x4  
  109  13:03  Marine x2  
  109  13:04  Marine x6  
  109  13:05  Marine x4  
  114  13:21  Marine x4  
  114  13:22  Marine  
  114  13:23  Marauder x2  
  114  13:24  Marauder  
  124  13:35  Marine x4  
  128  13:44  Marauder  
  128  13:45  Marauder x2  
  134  13:54  Marine x2, Marauder  
  134  13:55  Marine x5  
  135  13:56  Marine  
  135  13:58  Liberator x2  
  133  14:06  Marauder x3  
  139  14:12  Marine x2  
  139  14:13  Marine  
  139  14:14  Marine x5  
  139  14:15  Marauder  
  153  14:27  Marauder x2  
  153  14:28  Marauder  
  153  14:30  Marine x2  
  156  14:31  Marine x2  
  156  14:36  Marauder  
Show
View Real Time Build Order
Export as new Build Order

yellowskyray Zerg 

Build Orders: Hatch First 

Get SALT Encoding   

  12  0:01  Drone  
  13  0:13  Overlord  
  13  0:17  Drone  
  14  0:32  Drone x2  
  16  0:36  Drone  
  17  0:54  Hatchery  
  17  0:57  Drone  
  17  0:59  Extractor  
  17  1:02  Drone  
  17  1:16  Spawning Pool  
  16  1:19  Drone  
  16  1:24  Drone  
  18  1:29  Drone  
  19  1:40  Overlord  
  19  1:50  Overlord  
  19  2:02  Metabolic Boost  
  19  2:03  Queen  
  21  2:09  Queen  
  21  2:12  Zergling x2  
  24  2:16  Zergling x2  
  24  2:19  Drone  
  24  2:22  Drone  
  27  2:25  Drone  
  27  2:29  Drone  
  29  2:39  Drone x2  
  31  2:49  Queen  
  33  2:52  Queen  
  33  2:55  Drone  
  33  2:57  Drone  
  37  3:07  Drone x3  
  40  3:30  Hatchery  
  39  3:35  Drone  
  39  3:36  Overlord  
  39  3:37  Overlord x3  
  40  3:47  Roach Warren  
  39  3:50  Lair  
  39  3:57  Spore Crawler  
  39  4:01  Drone  
  39  4:02  Spore Crawler, Drone x2  
  40  4:19  Queen  
  40  4:21  Drone x5  
  40  4:22  Drone  
  40  4:24  Drone  
  49  4:27  Drone  
  50  4:33  Drone x2  
  50  4:38  Extractor  
  51  4:39  Extractor  
  50  4:47  Glial Reconstitution  
  50  4:49  Evolution Chamber  
  50  4:50  Drone x4  
  50  4:51  Evolution Chamber  
  52  4:53  Drone x2  
  52  4:55  Drone  
  52  4:56  Drone  
  52  4:59  Extractor  
  55  5:07  Drone  
  56  5:22  Drone x10  
  56  5:26  Zerg Melee Weapons Level 1  
  56  5:27  Zerg Ground Armor Level 1  
  66  5:39  Overseer  
  66  5:41  Overseer x2  
  66  5:45  Pneumatized Carapace  
  66  5:48  Roach  
  66  5:49  Roach x4  
  75  5:50  Roach  
  75  5:52  Roach  
  79  6:01  Roach  
  79  6:02  Overlord x3  
  79  6:04  Overlord  
  81  6:22  Roach x5  
  81  6:23  Roach x5  
  95  6:50  Roach x4  
  95  6:51  Roach x5  
  113  7:00  Overlord x2  
  113  7:01  Queen, Overlord x3, Extractor  
  114  7:02  Extractor  
  114  7:04  Drone  
  114  7:11  Infestation Pit  
  113  7:17  Baneling Nest, Queen  
  113  7:20  Drone x2, Spine Crawler  
  113  7:22  Drone x2  
  117  7:23  Spine Crawler  
  117  7:24  Drone  
  117  7:25  Drone x3  
  120  7:31  Drone  
  120  7:32  Drone x4  
  125  7:38  Drone x4  
  129  7:48  Ravager x7  
  129  7:49  Ravager x2  
  139  7:51  Ravager  
  139  8:09  Overlord x2  
  139  8:10  Overlord x2  
  139  8:12  Zerg Melee Weapons Level 2  
  139  8:14  Zerg Ground Armor Level 2  
  139  8:32  Hatchery  
  138  8:42  Infestor x3  
  137  9:30  Queen  
  139  9:35  Spore Crawler, Drone  
  139  9:36  Drone x2  
  139  9:37  Drone x2  
  143  9:49  Hive  
  91  10:07  Zergling x18  
  91  10:08  Zergling x28  
  91  10:10  Lair x2  
  111  10:21  Zergling x2  
  111  10:22  Zergling x18  
  121  10:56  Zergling x2  
  126  10:57  Zergling x34  
  126  11:01  Zergling x6  
  142  11:09  Baneling x4  
  142  11:10  Baneling x6  
  142  11:11  Baneling x7  
  142  11:12  Baneling  
  142  11:13  Centrifical Hooks  
  142  11:24  Adrenal Glands  
  142  11:25  Zerg Ground Armor Level 3, Zerg Melee Weapons Level 3  
  142  11:41  Drone  
  142  11:42  Drone x14  
  157  11:53  Baneling x2, Spine Crawler  
  157  11:54  Baneling x5  
  156  11:55  Extractor, Spine Crawler  
  156  11:57  Spore Crawler, Extractor  
  121  12:40  Zergling x26  
  121  12:41  Zergling x12  
  124  12:57  Zergling x2  
  118  13:07  Spire  
  115  13:15  Zergling x2  
  115  13:16  Zergling x20  
  106  13:52  Zergling x2  
  106  13:53  Zergling x30  
  91  14:10  Ultralisk Cavern  
  68  14:17  Zergling x2  
  68  14:18  Zergling x14  
  74  14:25  Zergling x8  
  65  14:45  Baneling x5  
  63  14:46  Baneling x2  
  63  14:52  Zergling x2  
Tags
 
Add a new tag
Caveats
  • Supply blocks, unpowered buildings, or Contaminate may cause inaccurate times.
  • Supply counts are checked every 10 seconds.